 Dungeon Crawl Stone Soup version 0.21-a0-521-g1cd18d1 (webtiles) character file.

557 slep the Chopper (level 7, -1/61 HPs)
             Began as a Minotaur Monk on Dec 5, 2017.
             Was a Believer of Okawaru.
             Slain by an ogre
             ... wielding a +0 giant club
              (19 damage)
             ... on level 5 of the Dungeon.
             The game lasted 00:11:23 (3805 turns).

slep the Chopper (Minotaur Monk)                    Turns: 3805, Time: 00:11:23

Health: -1/61      AC:  7    Str: 15    XL:     7   Next: 9%
Magic:  6/6        EV: 13    Int:  7    God:    Okawaru [**....]
Gold:   167        SH:  0    Dex: 15    Spells: 6/6 levels left

rFire    . . .     SeeInvis +   s - +0 blowgun
rCold    . . .     Gourm    .   (no shield)
rNeg     . . .     Faith    .   D - +0 ring mail (curse)
rPois    .         Spirit   .   (helmet restricted)
rElec    .         Reflect  .   i - +0 cloak
rCorr    .         Harm     .   (no gloves)
MR       .....                  (no boots)
Stlth    +.........             (no amulet)
HPRegen  0.20/turn              m - ring of see invisible
MPRegen  0.10/turn              (no ring)

@: no status effects
A: retaliatory headbutt, horns 2
a: Heroism, Renounce Religion


You were on level 5 of the Dungeon.
You worshipped Okawaru.
Okawaru was pleased with you.
You were very hungry.

You visited 2 branches of the dungeon, and saw 6 of its levels.
You also visited: Sewer.

You collected 167 gold pieces.

Inventory:

Hand Weapons
 a - a +0 hand axe
 s - a +0 blowgun (weapon)
 y - a +1 morningstar of draining
 E - a +3 spear
Missiles
 t - 13 poisoned needles (quivered)
Armour
 b - a +0 robe
 i - a +0 cloak (worn)
 o - a +0 ring mail
 D - a cursed +0 ring mail (worn)
Jewellery
 m - a ring of see invisible (left hand)
Wands
 C - a wand of clouds (5)
Scrolls
 e - 11 scrolls of identify {unknown}
 j - a scroll of magic mapping {unknown}
 l - 2 scrolls of random uselessness {unknown}
 n - 5 scrolls of remove curse {unknown}
 r - 3 scrolls of teleportation {unknown}
 u - a scroll of noise {unknown}
 v - a scroll of immolation {unknown}
 w - 3 scrolls of enchant armour {unknown}
 x - a scroll of fear {unknown}
 B - 2 scrolls of blinking {unknown}
 F - a scroll of vulnerability {unknown}
Potions
 d - 9 potions of flight {unknown}
 f - 2 potions of curing {unknown}
 g - 2 potions of brilliance {unknown}
 h - a potion of heal wounds {unknown}
 q - a potion of degeneration {unknown}
 A - 2 potions of haste {unknown}
Comestibles
 c - 2 bread rations
 k - 3 meat rations
 p - 7 fruits
 z - a royal jelly


   Skills:
 + Level 5.1 Fighting
 + Level 6.4 Axes
 + Level 4.0 Armour
 + Level 4.9 Dodging
 + Level 2.3 Stealth


You had 6 spell levels left.
You didn't know any spells.

Dungeon Overview and Level Annotations

Branches:
Dungeon (5/15)             Temple (1/1) D:5

Altars:
Ashenzari
Dithmenos
Elyvilon
Kikubaaqudgha
Makhleb
Okawaru
Qazlal
Ru
Sif Muna
Uskayaw
Vehumet
Xom
Yredelemnul
The Shining One


Innate Abilities, Weirdness & Mutations

You reflexively headbutt those who attack you in melee.
You have a pair of horns on your head.


Message History

Firing (i - inventory):
t - 16 poisoned needles (quivered)
Press: ? - help, Shift-Dir - straight line, f/p - ogre
Aim: an ogre, wielding a giant club (almost dead)
You shoot a poisoned needle. The poisoned needle hits the ogre.
The ogre is almost dead.
The ogre barely misses you.
Firing (i - inventory):
t - 15 poisoned needles (quivered)
Press: ? - help, Shift-Dir - straight line, f/p - ogre
Aim: an ogre, wielding a giant club (almost dead)
You shoot a poisoned needle. The poisoned needle hits the ogre.
The ogre is almost dead.
The ogre closely misses you.
Firing (i - inventory):
t - 14 poisoned needles (quivered)
Press: ? - help, Shift-Dir - straight line, f/p - ogre
Aim: an ogre, wielding a giant club (almost dead)
You shoot a poisoned needle. The poisoned needle hits the ogre.
The ogre is poisoned.
The ogre is almost dead.
The ogre hits you with a giant club!!
You die...

#...##............# #.
#...##.###.##.....# #.
#........#........# #.
###........#.##....#####.
#..........#..#>.........
#(.........#.......######
#.(........#.###...#
#..........#.# #...#
###....#@#.# #..(#
#.....O#.# #....
#####....#(#.# #....
#...(......#.# #...
#...........#.#
≈P≈P(........#.#
♣♣≈≈♣≈♣P.....#.#
≈(♣P≈♣≈♣≈≈.....# ≈
≈≈≈≈≈≈♣≈P#..##


You could see an ogre.

Vanquished Creatures
  Purgy (Sewer)
  2 scorpions (D:4)
  A crimson imp (D:5)
  A jelly (D:5)
  An orc wizard (D:5)
  A bullfrog skeleton (D:4)
  An iguana (D:4)
  A howler monkey zombie (D:5)
  3 gnolls (D:5)
  7 adders
  An ooze (D:2)
  2 dart slugs
  4 leopard geckos
  4 orcs
  6 ball pythons
  8 giant cockroaches
  10 goblins
  8 hobgoblins
  12 jackals
  8 kobolds
  3 quokkas
  5 bats
  5 frilled lizards
  A leopard gecko skeleton (D:4)
  A quokka skeleton (D:4)
  6 rats
103 creatures vanquished.

Notes
Turn   | Place    | Note
-------+----------+-------------------------------------------
     0 | D:1      | slep the Minotaur Monk began the quest for the Orb.
     0 | D:1      | Reached XP level 1. HP: 19/19 MP: 0/0
    58 | D:1      | Reached XP level 2. HP: 12/27 MP: 1/1
    89 | D:1      | Reached skill level 4 in Axes
   237 | D:1      | Reached XP level 3. HP: 16/33 MP: 2/2
  1182 | D:2      | Reached XP level 4. HP: 40/40 MP: 3/3
  2643 | D:4      | Reached skill level 5 in Axes
  2643 | D:4      | Reached skill level 1 in Armour
  2643 | D:4      | Reached XP level 5. HP: 38/47 MP: 4/4
  2750 | D:4      | Found a stormy altar of Qazlal.
  2794 | D:4      | Found a glowing drain.
  2816 | Sewer    | Entered a sewer
  2838 | Sewer    | Noticed Purgy
  2859 | Sewer    | Killed Purgy
  2859 | Sewer    | Reached XP level 6. HP: 22/53 MP: 5/5
  3160 | D:4      | Reached skill level 6 in Axes
  3241 | D:5      | Entered Level 5 of the Dungeon
  3362 | D:5      | Reached skill level 5 in Fighting
  3367 | D:5      | Found a staircase to the Ecumenical Temple.
  3376 | Temple   | Entered the Ecumenical Temple
  3412 | Temple   | Became a worshipper of Warmaster Okawaru
  3412 | Temple   | Reached * piety under Okawaru
  3412 | Temple   | Reached ** piety under Okawaru
  3511 | D:5      | Reached XP level 7. HP: 51/61 MP: 6/6
  3805 | D:5      | Slain by an ogre

Vault maps used:
D:1:      minmay_arrival_hallway, chequers_big_river
D:2:      minmay_misc_feat_pillars, guppyfry_early_lair_pool
D:3:      first_bread, nrook_mini_backslash, patterned_corridor
D:4:      lemuel_crystal_altar, portal_sewer_entry_f, nrook_mini_vaults
D:5:      cheibrodos_helix_gallery, minmay_temple_entry_overgrown,
          serial_bayou_lake_a
Temple:   hc_temple_tempest_star
Sewer:    sewer_co_purgy_island

Skill      XL: |  1  2  3  4  5  6  7 |
---------------+----------------------+-----
Axes           | 4 5 6 |  6.4
Fighting       | 4 5 |  5.1
Dodging        | 4 |  4.9
Armour         | 1 2 3 4 |  4.0
Stealth        | 2 |  2.3

Action                   |  1- 3 |  4- 6 |  7- 9 || total
-------------------------+-------+-------+-------++-------
Melee: Hand axe          |    86 |   147 |    15 ||   248
       Headbutt          |    11 |    26 |     3 ||    40
 Fire: Blowgun           |       |       |     6 ||     6
 Stab: Sleeping          |     1 |     4 |       ||     5
  Eat: Chunk             |     1 |     7 |       ||     8
Armor: Robe              |    11 |       |       ||    11
       Ring mail         |    13 |    54 |       ||    67
Dodge: Dodged            |    67 |   141 |    12 ||   220

Table legend:
 A = Spawn XP
 B = Non-spawn XP
 C = Spawn XP percentage of total XP
 D = Spawn monster count
 E = Non-spawn monster count
 F = Spawn count percentage of total count
 G = Total turns spent on level
                    A         B        C        D         E        F      G
               +---------+---------+-------+---------+---------+-------+---------
         Total |       0 |     796 |   0.0 |       0 |     103 |   0.0 |  3805
               +---------+---------+-------+---------+---------+-------+---------
           D:1 |       0 |      59 |   0.0 |       0 |      35 |   0.0 |   847
           D:2 |       0 |      58 |   0.0 |       0 |      16 |   0.0 |   591
           D:3 |       0 |      37 |   0.0 |       0 |      13 |   0.0 |  1164
           D:4 |       0 |     272 |   0.0 |       0 |      19 |   0.0 |   476
           D:5 |       0 |     209 |   0.0 |       0 |      12 |   0.0 |   506
         Sewer |       0 |     161 |   0.0 |       0 |       8 |   0.0 |   163
               +---------+---------+-------+---------+---------+-------+---------
